Staline vs Mulligans
Created - April 11, 2018 at 19:02
Goals
|
| Staline |
3 |
3 |
2 |
8 |
| Mulligans |
1 |
0 |
0 |
1 |
|
Shots
|
| Staline |
11 |
11 |
14 |
36 |
| Mulligans |
18 |
9 |
12 |
39 |
|
1st period
1. Staline , Lars Eller 36 (Nick Spaling 37, Jordan Caron 25) at 4:16 (PP)
2. Staline , Tyler Pitlick 28 (Dustin Kohn 75, Bryan Bickell 16) at 8:25
3. Mulligans , Eric Tangradi 54 (Nick Bonino 52) at 13:06
4. Staline , Nick Spaling 29 (Viktor Loov 18, Lars Eller 57) at 14:17
Penalties :
Matt Niskanen (Rep) for Cross-checking (Minor) at 2:49, Tyler Pitlick (StJ) for Roughing (Minor) at 5:46, Nick Spaling (StJ) for Hooking (Minor) at 10:40, Corey Trivino (StJ) for Elbowing (Minor) at 17:37
2nd period
5. Staline , Dustin Kohn 13 (Nikita Nesterov 5) at 11:43
6. Staline , Nick Spaling 30 (Lars Eller 58) at 12:35
7. Staline , Bryan Bickell 15 (Corey Trivino 22) at 19:39
Penalties :
Dustin Kohn (StJ) for Hooking (Minor) at 3:40, Jonathan Tremblay (Rep) for Roughing (Minor) at 14:06
3rd period
8. Staline , Jordan Szwarz 23 (Bryan Bickell 17, Dustin Kohn 76) at 13:31
9. Staline , Jordan Caron 17 (Lars Eller 59, Nick Spaling 38) at 15:53 (PP)
Penalties :
Dustin Kohn (StJ) for High sticking (Minor) at 0:15, Sven Baertschi (Rep) for Interference (Minor) at 14:22
Goalie Stats
Allen York (StJ), 38 saves from 39 shots - (0.974), W, 36-14-6, 60:00 minutes
Calvin Pickard (Rep), 16 saves from 20 shots - (0.800), 28:17 minutes
Anders Lindback (Rep), 12 saves from 16 shots - (0.750), L, 29-20-2, 31:43 minutes
Players Stats for Staline
Player Name G A P +/- PIM S H SB GA TA FO MP PP MP PK MP
------------------------------------------------------------------------------------
Brock Nelson 0 0 0 -1 0 1 2 0 0 0 1/1 16:00 0:58 3:11
Bryan Bickell 1 2 3 4 0 4 1 0 0 0 0/0 9:41 0:00 1:20
Corey Trivino 0 1 1 3 2 0 2 0 1 0 2/3 7:40 0:00 0:00
Danny Kristo 0 0 0 0 0 1 0 0 0 0 0/0 10:59 0:00 0:00
David Desharnais 0 0 0 -1 0 1 2 1 0 1 9/18 16:27 0:58 3:38
Dustin Kohn 1 2 3 2 4 4 1 1 0 2 0/0 25:23 4:16 3:38
James Sheppard 0 0 0 1 0 3 2 1 1 1 1/2 12:59 0:00 1:20
Jordan Caron 1 1 2 2 0 3 2 0 0 0 1/1 16:12 3:59 0:00
Jordan Szwarz 1 0 1 3 0 3 0 0 0 0 0/0 7:41 0:00 0:00
Lars Eller 1 3 4 2 0 4 3 1 2 1 12/27 23:20 3:59 5:24
Marek Zagrapan 0 0 0 0 0 2 1 0 0 0 0/3 11:27 0:00 0:28
Mike Reilly 0 0 0 0 0 0 0 1 0 0 0/0 12:05 0:00 0:26
Nick Spaling 2 2 4 2 2 5 0 0 2 1 4/8 22:24 3:59 4:29
Nikita Nesterov 0 1 1 0 0 0 0 0 0 1 0/0 14:07 0:00 2:19
Philip Larsen 0 0 0 3 0 0 3 2 1 0 0/0 21:46 0:41 3:32
Stu Bickel 0 0 0 2 0 1 1 1 0 0 0/0 26:20 4:16 6:17
Tyler Pitlick 1 0 1 0 2 2 3 0 0 3 0/0 13:28 0:58 0:00
Viktor Loov 0 1 1 3 0 2 0 0 0 1 0/0 22:01 0:41 3:38
Players Stats for Mulligans
Player Name G A P +/- PIM S H SB GA TA FO MP PP MP PK MP
------------------------------------------------------------------------------------
Anton Lander 0 0 0 -3 0 4 1 0 1 1 9/19 18:15 3:53 1:46
Ben Hutton 0 0 0 -2 0 1 0 0 0 1 0/0 20:51 3:48 2:11
Benn Ferriero 0 0 0 -3 0 4 2 1 0 0 1/1 16:29 3:53 0:00
Cade Fairchild 0 0 0 -2 0 1 2 0 0 2 0/0 20:44 3:48 2:04
Christoph Bertschy 0 0 0 -1 0 1 1 0 0 0 2/4 7:31 0:00 0:24
Dalton Thrower 0 0 0 -1 0 0 0 1 0 1 0/0 11:16 0:00 0:07
Darren Dietz 0 0 0 -1 0 1 0 1 0 0 0/0 11:09 0:00 0:00
Drayson Bowman 0 0 0 -1 0 1 0 0 1 1 0/0 11:28 0:07 0:00
Eric Tangradi 1 0 1 0 0 5 1 1 2 1 0/0 22:33 5:51 2:48
Jonathan Tremblay 0 0 0 0 2 2 2 3 0 0 0/1 20:59 5:49 1:07
Joonas Donskoi 0 0 0 -1 0 2 0 0 0 0 0/0 7:07 0:00 0:00
Logan Shaw 0 0 0 -1 0 1 1 1 0 0 0/0 12:06 0:07 0:28
Matt Beleskey 0 0 0 -3 0 4 2 0 0 0 0/2 16:29 3:53 0:00
Matt Niskanen 0 0 0 -2 2 2 1 1 1 0 0/0 27:59 6:07 2:46
Maxime Macenauer 0 0 0 -1 0 0 1 0 2 0 1/5 11:38 0:17 0:00
Nick Bonino 0 1 1 0 0 5 4 1 1 0 20/31 22:40 5:55 2:51
Sven Baertschi 0 0 0 -1 2 4 2 0 0 0 0/0 7:46 0:00 0:30
Thomas Hickey 0 0 0 -2 0 1 1 2 3 0 0/0 28:00 6:07 2:46
3 Stars
1 - Lars Eller (StJ)
2 - Bryan Bickell (StJ)
3 - Nick Spaling (StJ)
Power Play
Staline - 2 on 3 Attempt(s) - 66.67%
Mulligans - 0 on 5 Attempt(s) - 0.00%
Penalty Kill
Staline - 5 on 5 Attempt(s) - 100.00%
- Score 0 goal in Penalty Kill
Mulligans - 1 on 3 Attempt(s) - 33.33%
- Score 0 goal in Penalty Kill
Team Stat
Staline - Hits : 23 - Faceoff Wins : 30 - Blocked Shots : 8 - Penalty Minutes : 10
Mulligans - Hits : 21 - Faceoff Wins : 33 - Blocked Shots : 12 - Penalty Minutes : 6
Official
Referees : Charron Francis and Marouelli Dan
Linesman : Steve Miller and Derek Nansen
Game Notes
Calvin Pickard enters game at 11:43 of 2nd period
Finance
Level 1 -- Attendance: 1512 (75.60%) -- Ticket Income $37,800
Level 2 -- Attendance: 750 (75.00%) -- Ticket Income $9,000
Total Attendance: 2262 (75.40%)
Total Ticket Income: $46,800
Other Income: $2,340
Total Income: $49,140
Staline
5 vs 5 Forward
Center Left Wing Right Wing Time % Phy DF OF
1 Lars Eller Nick Spaling Jordan Caron 40 1 2 2
2 David Desharnais Brock Nelson Tyler Pitlick 30 1 2 2
3 Marek Zagrapan James Sheppard Danny Kristo 20 1 2 2
4 Corey Trivino Bryan Bickell Jordan Szwarz 10 1 2 2
5 vs 5 Defense
Defense Defense Time % Phy DF OF
1 Stu Bickel Dustin Kohn 40 1 2 2
2 Philip Larsen Viktor Loov 30 1 2 2
3 Mike Reilly Nikita Nesterov 20 1 2 2
4 Stu Bickel Dustin Kohn 10 1 2 2
PowerPlay Forward
Center Left Wing Right Wing Time % Phy DF OF
1 Lars Eller Nick Spaling Jordan Caron 60 1 2 2
2 David Desharnais Brock Nelson Tyler Pitlick 40 1 2 2
PowerPlay Defense
Defense Defense Time % Phy DF OF
1 Stu Bickel Dustin Kohn 60 1 2 2
2 Philip Larsen Viktor Loov 40 1 2 2
Penalty Kill 4 Players Forward
Center Wing Time % Phy DF OF
1 Nick Spaling Lars Eller 60 1 2 2
2 David Desharnais Brock Nelson 40 1 2 2
Penalty Kill 4 Players Defense
Defense Defense Time % Phy DF OF
1 Stu Bickel Dustin Kohn 60 1 2 2
2 Philip Larsen Viktor Loov 40 1 2 2
Penalty Kill - 3 Players Forward
Forward Time % Phy DF OF
1 Nick Spaling 60 1 2 2
2 Lars Eller 40 1 2 2
Penalty Kill - 3 Players Defense
Defense Defense Time % Phy DF OF
1 Stu Bickel Dustin Kohn 60 1 2 2
2 Philip Larsen Viktor Loov 40 1 2 2
4 vs 4 Forward
Center Wing Time % Phy DF OF
1 Nick Spaling Lars Eller 60 1 2 2
2 David Desharnais Brock Nelson 40 1 2 2
4 vs 4 Defense
Defense Defense Time % Phy DF OF
1 Stu Bickel Dustin Kohn 60 1 2 2
2 Philip Larsen Viktor Loov 40 1 2 2
Last Minutes Offensive
Center Left Wing Right Wing Defense Defense
Lars Eller Nick Spaling Jordan Caron Stu Bickel Dustin Kohn
Last Minutes Defensive
Center Left Wing Right Wing Defense Defense
Lars Eller Nick Spaling Jordan Caron Stu Bickel Dustin Kohn
Goaltenders
Starting : Allen York
Backup : Darcy Kuemper
Extra Forwards
Normal : Marek Zagrapan, Corey Trivino, James Sheppard - PP : Marek Zagrapan, Corey Trivino - PK : James Sheppard
Extra Defensemen
Normal : Mike Reilly, Nikita Nesterov, Philip Larsen - PP : Mike Reilly - PK : Nikita Nesterov, Philip Larsen
Penalty Shots
Nick Spaling, Lars Eller, David Desharnais, Brock Nelson, Jordan Caron
Scratches
Peter Holland (Healthy), Jiri Sekac (Healthy), Andrey Pedan (Healthy), Charles Hudon (Healthy), Barclay Goodrow (Healthy)
David Musil (Healthy), Joni Ortio (Healthy), Sean Maguire (Healthy)
Mulligans
5 vs 5 Forward
Center Left Wing Right Wing Time % Phy DF OF
1 Nick Bonino Eric Tangradi Jonathan Tremblay 40 1 2 2
2 Anton Lander Matt Beleskey Benn Ferriero 30 1 2 2
3 Maxime Macenauer Drayson Bowman Logan Shaw 20 1 2 2
4 Christoph Bertschy Sven Baertschi Joonas Donskoi 10 1 2 2
5 vs 5 Defense
Defense Defense Time % Phy DF OF
1 Thomas Hickey Matt Niskanen 40 1 2 2
2 Cade Fairchild Ben Hutton 30 1 2 2
3 Darren Dietz Dalton Thrower 20 1 2 2
4 Thomas Hickey Matt Niskanen 10 1 2 2
PowerPlay Forward
Center Left Wing Right Wing Time % Phy DF OF
1 Nick Bonino Eric Tangradi Jonathan Tremblay 60 1 2 2
2 Anton Lander Matt Beleskey Benn Ferriero 40 1 2 2
PowerPlay Defense
Defense Defense Time % Phy DF OF
1 Thomas Hickey Matt Niskanen 60 1 2 2
2 Cade Fairchild Ben Hutton 40 1 2 2
Penalty Kill 4 Players Forward
Center Wing Time % Phy DF OF
1 Nick Bonino Eric Tangradi 60 1 2 2
2 Jonathan Tremblay Anton Lander 40 1 2 2
Penalty Kill 4 Players Defense
Defense Defense Time % Phy DF OF
1 Thomas Hickey Matt Niskanen 60 1 2 2
2 Cade Fairchild Ben Hutton 40 1 2 2
Penalty Kill - 3 Players Forward
Forward Time % Phy DF OF
1 Nick Bonino 60 1 2 2
2 Eric Tangradi 40 1 2 2
Penalty Kill - 3 Players Defense
Defense Defense Time % Phy DF OF
1 Thomas Hickey Matt Niskanen 60 1 2 2
2 Cade Fairchild Ben Hutton 40 1 2 2
4 vs 4 Forward
Center Wing Time % Phy DF OF
1 Nick Bonino Eric Tangradi 60 1 2 2
2 Jonathan Tremblay Anton Lander 40 1 2 2
4 vs 4 Defense
Defense Defense Time % Phy DF OF
1 Thomas Hickey Matt Niskanen 60 1 2 2
2 Cade Fairchild Ben Hutton 40 1 2 2
Last Minutes Offensive
Center Left Wing Right Wing Defense Defense
Nick Bonino Eric Tangradi Jonathan Tremblay Thomas Hickey Matt Niskanen
Last Minutes Defensive
Center Left Wing Right Wing Defense Defense
Nick Bonino Eric Tangradi Jonathan Tremblay Thomas Hickey Matt Niskanen
Goaltenders
Starting : Anders Lindback
Backup : Calvin Pickard
Extra Forwards
Normal : Maxime Macenauer, Drayson Bowman, Logan Shaw - PP : Maxime Macenauer, Drayson Bowman - PK : Logan Shaw
Extra Defensemen
Normal : Darren Dietz, Dalton Thrower, Cade Fairchild - PP : Darren Dietz - PK : Dalton Thrower, Cade Fairchild
Penalty Shots
Nick Bonino, Eric Tangradi, Jonathan Tremblay, Anton Lander, Maxime Macenauer
Scratches
Reid Boucher (Healthy), Nick Shore (Healthy), Mario Lucia (Healthy), Adam Lowry (Healthy), Derek Dorsett (Suspend)
Cody Goloubef (Right Knee Injury), Marek Langhamer (Healthy)
% Time on Ice - Staline
Lines # - Real PCT - Wanted PCT - Time Play
Normal Forward
1 - 32% - 40% - 14:37
2 - 26% - 30% - 11:51
3 - 24% - 20% - 10:59
4 - 17% - 10% - 7:41
Normal Defense
1 - 35% - 40% - 15:58
2 - 39% - 30% - 17:33
3 - 25% - 20% - 11:21
4 - 1% - 10% - 0:16
PP Forward
1 - 80% - 60% - 3:59
2 - 20% - 40% - 0:58
PP Defense
1 - 86% - 60% - 4:16
2 - 14% - 40% - 0:41
PK Forward
1 - 68% - 60% - 6:44
2 - 32% - 40% - 3:11
PK Defense
1 - 64% - 60% - 6:23
2 - 36% - 40% - 3:32
PK3 Forward
1 - 0% - 60%
2 - 0% - 40%
PK3 Defense
1 - 0% - 60%
2 - 0% - 40%
44 Forward
1 - 0% - 60%
2 - 0% - 40%
44 Defense
1 - 0% - 60%
2 - 0% - 40%
Last Minute Offensive - 0:00
Last Minute Defensive - 0:00
Total
Forward - 60:00
Defense - 60:00
|
% Time on Ice - Mulligans
Lines # - Real PCT - Wanted PCT - Time Play
Normal Forward
1 - 34% - 40% - 15:15
2 - 28% - 30% - 12:36
3 - 23% - 20% - 10:10
4 - 16% - 10% - 7:07
Normal Defense
1 - 42% - 40% - 18:51
2 - 33% - 30% - 14:52
3 - 25% - 20% - 11:09
4 - 1% - 10% - 0:16
PP Forward
1 - 61% - 60% - 6:02
2 - 39% - 40% - 3:53
PP Defense
1 - 62% - 60% - 6:07
2 - 38% - 40% - 3:48
PK Forward
1 - 68% - 60% - 3:21
2 - 32% - 40% - 1:36
PK Defense
1 - 58% - 60% - 2:53
2 - 42% - 40% - 2:04
PK3 Forward
1 - 0% - 60%
2 - 0% - 40%
PK3 Defense
1 - 0% - 60%
2 - 0% - 40%
44 Forward
1 - 0% - 60%
2 - 0% - 40%
44 Defense
1 - 0% - 60%
2 - 0% - 40%
Last Minute Offensive - 0:00
Last Minute Defensive - 0:00
Total
Forward - 60:00
Defense - 60:00
|
Play by Play
1st period
0:01 of 1st period - Nick Bonino wins face-off versus Lars Eller in neutral zone.
0:16 of 1st period - Slapshot by Nick Bonino.
0:16 of 1st period - Stopped by Allen York with a rebound.
0:30 of 1st period - Icing by Stu Bickel.
0:31 of 1st period - Benn Ferriero wins face-off versus David Desharnais in Staline zone.
0:56 of 1st period - Stu Bickel is hit by Logan Shaw and loses puck.
1:06 of 1st period - Icing by Danny Kristo.
1:07 of 1st period - Christoph Bertschy wins face-off versus Marek Zagrapan in Staline zone.
1:16 of 1st period - Slapshot by Sven Baertschi.
1:16 of 1st period - Stopped by Allen York without a rebound.
1:17 of 1st period - Christoph Bertschy wins face-off versus Corey Trivino in Staline zone.
1:30 of 1st period - Wrist shot by Joonas Donskoi.
1:30 of 1st period - Stopped by Allen York with a rebound.
1:48 of 1st period - Slapshot by Sven Baertschi.
1:48 of 1st period - Stopped by Allen York with a rebound.
1:52 of 1st period - Wrist shot by Sven Baertschi.
1:52 of 1st period - Stopped by Allen York with a rebound.
2:06 of 1st period - Slapshot by Sven Baertschi.
2:06 of 1st period - Deflect By Christoph Bertschy.
2:06 of 1st period - Shot Misses the Net.
2:06 of 1st period - Puck is out of play.
2:07 of 1st period - Nick Bonino wins face-off versus Lars Eller in Staline zone.
2:08 of 1st period - Slapshot by Eric Tangradi.
2:08 of 1st period - Shot Blocked by Philip Larsen.
2:33 of 1st period - Tyler Pitlick is hit by Matt Beleskey.
2:37 of 1st period - Snap shot by David Desharnais.
2:37 of 1st period - Shot Blocked by Benn Ferriero.
2:49 of 1st period - Minor Penalty to Matt Niskanen for Cross-checking.
2:50 of 1st period - Nick Bonino wins face-off versus Lars Eller in Mulligans zone.
3:48 of 1st period - Snap shot by Lars Eller.
3:48 of 1st period - Stopped by Anders Lindback with a rebound.
3:50 of 1st period - Backhand shot by Dustin Kohn.
3:50 of 1st period - Shot Misses the Net.
4:08 of 1st period - Slapshot by Nick Spaling.
4:08 of 1st period - Shot Misses the Net.
4:10 of 1st period - Wrist shot by Jordan Caron.
4:10 of 1st period - Shot Misses the Net.
4:12 of 1st period - Snap shot by Jordan Caron.
4:12 of 1st period - Shot Misses the Net.
4:14 of 1st period - Snap shot by Jordan Caron.
4:14 of 1st period - Deflect By Nick Spaling.
4:14 of 1st period - Stopped by Anders Lindback with a rebound.
4:16 of 1st period - Wrist shot by Lars Eller.
4:16 of 1st period - Goal by Lars Eller - Staline : 1 - Mulligans : 0.
4:17 of 1st period - David Desharnais wins face-off versus Maxime Macenauer in neutral zone.
5:21 of 1st period - Tyler Pitlick is hit by Nick Bonino and loses puck.
5:36 of 1st period - Slapshot by Drayson Bowman.
5:36 of 1st period - Shot Hit the Post.
5:38 of 1st period - Slapshot by Darren Dietz.
5:38 of 1st period - Shot Blocked by David Desharnais.
5:40 of 1st period - Slapshot by Darren Dietz.
5:40 of 1st period - Shot Blocked by Mike Reilly.
5:46 of 1st period - Minor Penalty to Tyler Pitlick for Roughing.
5:47 of 1st period - Nick Spaling wins face-off versus Nick Bonino in Staline zone.
6:22 of 1st period - Snap shot by David Desharnais.
6:22 of 1st period - Stopped by Anders Lindback with a rebound.
7:46 of 1st period - Penalty to Tyler Pitlick is over, Tyler Pitlick is back on ice.
8:19 of 1st period - Snap shot by Bryan Bickell.
8:19 of 1st period - Stopped by Anders Lindback with a rebound.
8:21 of 1st period - Wrist shot by Bryan Bickell.
8:21 of 1st period - Stopped by Anders Lindback with a rebound.
8:23 of 1st period - Snap shot by Dustin Kohn.
8:23 of 1st period - Stopped by Anders Lindback with a rebound.
8:25 of 1st period - Slapshot by Tyler Pitlick.
8:25 of 1st period - Goal by Tyler Pitlick - Staline : 2 - Mulligans : 0.
8:26 of 1st period - Nick Bonino wins face-off versus Lars Eller in neutral zone.
8:31 of 1st period - Snap shot by Eric Tangradi.
8:31 of 1st period - Stopped by Allen York with a rebound.
8:33 of 1st period - Slapshot by Cade Fairchild.
8:33 of 1st period - Shot Misses the Net.
8:39 of 1st period - Wrist shot by Nick Bonino.
8:39 of 1st period - Stopped by Allen York with a rebound.
8:41 of 1st period - Slapshot by Ben Hutton.
8:41 of 1st period - Deflect By Nick Bonino.
8:41 of 1st period - Shot Blocked by Lars Eller.
8:41 of 1st period - Puck is out of play.
8:42 of 1st period - Anton Lander wins face-off versus David Desharnais in Staline zone.
8:43 of 1st period - Snap shot by Matt Beleskey.
8:43 of 1st period - Stopped by Allen York with a rebound.
8:45 of 1st period - Backhand shot by Matt Beleskey.
8:45 of 1st period - Stopped by Allen York with a rebound.
8:47 of 1st period - Snap shot by Benn Ferriero.
8:47 of 1st period - Stopped by Allen York with a rebound.
8:49 of 1st period - Snap shot by Matt Beleskey.
8:49 of 1st period - Stopped by Allen York without a rebound.
8:50 of 1st period - Anton Lander wins face-off versus David Desharnais in Staline zone.
9:15 of 1st period - Slapshot by Philip Larsen.
9:15 of 1st period - Shot Blocked by Jonathan Tremblay.
9:17 of 1st period - Wrist shot by Nick Spaling.
9:17 of 1st period - Stopped by Anders Lindback without a rebound.
9:18 of 1st period - Lars Eller wins face-off versus Nick Bonino in Mulligans zone.
9:35 of 1st period - Wrist shot by Eric Tangradi.
9:35 of 1st period - Shot Misses the Net.
9:37 of 1st period - Slapshot by Matt Niskanen.
9:37 of 1st period - Stopped by Allen York without a rebound.
9:38 of 1st period - Anton Lander wins face-off versus Marek Zagrapan in Staline zone.
9:39 of 1st period - Slapshot by Matt Beleskey.
9:39 of 1st period - Deflect By Anton Lander.
9:39 of 1st period - Stopped by Allen York with a rebound.
10:40 of 1st period - Minor Penalty to Nick Spaling for Hooking.
10:41 of 1st period - Nick Bonino wins face-off versus James Sheppard in Staline zone.
10:55 of 1st period - Slapshot by Eric Tangradi.
10:55 of 1st period - Stopped by Allen York with a rebound.
11:18 of 1st period - Snap shot by Eric Tangradi.
11:18 of 1st period - Shot Blocked by Stu Bickel.
11:20 of 1st period - Snap shot by Nick Bonino.
11:20 of 1st period - Shot Misses the Net.
11:22 of 1st period - Slapshot by Matt Niskanen.
11:22 of 1st period - Shot Misses the Net.
11:24 of 1st period - Wrist shot by Matt Niskanen.
11:24 of 1st period - Shot Misses the Net.
11:26 of 1st period - Snap shot by Eric Tangradi.
11:26 of 1st period - Shot Blocked by Dustin Kohn.
12:40 of 1st period - Penalty to Nick Spaling is over, Nick Spaling is back on ice.
13:06 of 1st period - Snap shot by Eric Tangradi.
13:06 of 1st period - Goal by Eric Tangradi - Staline : 2 - Mulligans : 1.
13:07 of 1st period - Anton Lander wins face-off versus David Desharnais in neutral zone.
13:44 of 1st period - James Sheppard is hit by Cade Fairchild and loses puck.
14:05 of 1st period - Wrist shot by Corey Trivino.
14:05 of 1st period - Shot Misses the Net.
14:07 of 1st period - Slapshot by Viktor Loov.
14:07 of 1st period - Deflect By Bryan Bickell.
14:07 of 1st period - Shot Blocked by Logan Shaw.
14:07 of 1st period - Puck is out of play.
14:08 of 1st period - Lars Eller wins face-off versus Anton Lander in Mulligans zone.
14:13 of 1st period - Wrist shot by Lars Eller.
14:13 of 1st period - Shot Misses the Net.
14:15 of 1st period - Snap shot by Viktor Loov.
14:15 of 1st period - Shot Misses the Net.
14:17 of 1st period - Slapshot by Nick Spaling.
14:17 of 1st period - Goal by Nick Spaling - Staline : 3 - Mulligans : 1.
14:18 of 1st period - Jordan Caron wins face-off versus Matt Beleskey in neutral zone.
15:12 of 1st period - Snap shot by Sven Baertschi.
15:12 of 1st period - Stopped by Allen York with a rebound.
15:14 of 1st period - Slapshot by Cade Fairchild.
15:14 of 1st period - Stopped by Allen York with a rebound.
15:24 of 1st period - Benn Ferriero is hit by Bryan Bickell and loses puck.
15:52 of 1st period - Off-side.
15:53 of 1st period - Lars Eller wins face-off versus Maxime Macenauer in neutral zone.
16:15 of 1st period - Icing by Stu Bickel.
16:16 of 1st period - Brock Nelson wins face-off versus Nick Bonino in Staline zone.
16:16 of 1st period - Brock Nelson is hit by Eric Tangradi.
16:30 of 1st period - Snap shot by Brock Nelson.
16:30 of 1st period - Shot Blocked by Jonathan Tremblay.
16:32 of 1st period - Snap shot by Tyler Pitlick.
16:32 of 1st period - Shot Blocked by Jonathan Tremblay.
17:37 of 1st period - Minor Penalty to Corey Trivino for Elbowing.
17:38 of 1st period - Nick Spaling wins face-off versus Nick Bonino in Staline zone.
17:38 of 1st period - Nick Spaling is hit by Nick Bonino.
18:05 of 1st period - Snap shot by David Desharnais.
18:05 of 1st period - Shot Blocked by Nick Bonino.
18:11 of 1st period - Snap shot by Brock Nelson.
18:11 of 1st period - Stopped by Anders Lindback without a rebound.
18:12 of 1st period - Anton Lander wins face-off versus Nick Spaling in Mulligans zone.
18:12 of 1st period - Anton Lander is hit by Lars Eller.
19:30 of 1st period - Icing by Ben Hutton.
19:31 of 1st period - Anton Lander wins face-off versus David Desharnais in Mulligans zone.
19:37 of 1st period - Penalty to Corey Trivino is over, Corey Trivino is back on ice.
19:52 of 1st period - Wrist shot by Drayson Bowman.
19:52 of 1st period - Stopped by Allen York with a rebound.
Goals for this period are 3 for Staline vs 1 for Mulligans.
Shots for this period are 11 for Staline vs 18 for Mulligans.
2nd period
0:01 of 2nd period - Nick Bonino wins face-off versus Lars Eller in neutral zone.
0:16 of 2nd period - Slapshot by Lars Eller.
0:16 of 2nd period - Shot Misses the Net.
0:30 of 2nd period - Slapshot by Anton Lander.
0:30 of 2nd period - Stopped by Allen York without a rebound.
0:31 of 2nd period - Anton Lander wins face-off versus David Desharnais in Staline zone.
0:40 of 2nd period - Wrist shot by Matt Beleskey.
0:40 of 2nd period - Stopped by Allen York without a rebound.
0:41 of 2nd period - Nick Bonino wins face-off versus Lars Eller in Staline zone.
0:48 of 2nd period - Snap shot by Nick Bonino.
0:48 of 2nd period - Stopped by Allen York with a rebound.
0:50 of 2nd period - Snap shot by Jonathan Tremblay.
0:50 of 2nd period - Shot Misses the Net.
0:52 of 2nd period - Snap shot by Cade Fairchild.
0:52 of 2nd period - Shot Misses the Net.
1:20 of 2nd period - Snap shot by Drayson Bowman.
1:20 of 2nd period - Shot Misses the Net.
1:30 of 2nd period - Snap shot by Jordan Caron.
1:30 of 2nd period - Stopped by Anders Lindback without a rebound.
1:31 of 2nd period - David Desharnais wins face-off versus Anton Lander in Mulligans zone.
2:03 of 2nd period - Wrist shot by Marek Zagrapan.
2:03 of 2nd period - Shot Misses the Net.
2:05 of 2nd period - Slapshot by Dustin Kohn.
2:05 of 2nd period - Shot Blocked by Eric Tangradi.
2:07 of 2nd period - Wrist shot by Stu Bickel.
2:07 of 2nd period - Deflect By Nick Bonino.
2:07 of 2nd period - Stopped by Anders Lindback without a rebound.
2:08 of 2nd period - Anton Lander wins face-off versus David Desharnais in Mulligans zone.
2:15 of 2nd period - Slapshot by Anton Lander.
2:15 of 2nd period - Stopped by Allen York without a rebound.
2:16 of 2nd period - David Desharnais wins face-off versus Anton Lander in Staline zone.
2:21 of 2nd period - Anton Lander is hit by Philip Larsen.
2:41 of 2nd period - Snap shot by Tyler Pitlick.
2:41 of 2nd period - Stopped by Anders Lindback without a rebound.
2:42 of 2nd period - Lars Eller wins face-off versus Nick Bonino in Mulligans zone.
2:55 of 2nd period - Wrist shot by Lars Eller.
2:55 of 2nd period - Stopped by Anders Lindback with a rebound.
3:07 of 2nd period - Jonathan Tremblay is hit by Corey Trivino and loses puck.
3:16 of 2nd period - Slapshot by Philip Larsen.
3:16 of 2nd period - Shot Misses the Net.
3:18 of 2nd period - Snap shot by Corey Trivino.
3:18 of 2nd period - Shot Misses the Net.
3:20 of 2nd period - Snap shot by Corey Trivino.
3:20 of 2nd period - Deflect By Nick Bonino.
3:20 of 2nd period - Shot Misses the Net.
3:20 of 2nd period - Puck is out of play.
3:21 of 2nd period - Lars Eller wins face-off versus Anton Lander in Mulligans zone.
3:22 of 2nd period - Wrist shot by Nick Spaling.
3:22 of 2nd period - Shot Blocked by Matt Niskanen.
3:34 of 2nd period - Wrist shot by Thomas Hickey.
3:34 of 2nd period - Shot Misses the Net.
3:36 of 2nd period - Slapshot by Matt Niskanen.
3:36 of 2nd period - Deflect By Benn Ferriero.
3:36 of 2nd period - Stopped by Allen York without a rebound.
3:37 of 2nd period - David Desharnais wins face-off versus Maxime Macenauer in Staline zone.
3:37 of 2nd period - David Desharnais is hit by Matt Niskanen.
3:40 of 2nd period - Minor Penalty to Dustin Kohn for Hooking.
3:41 of 2nd period - Nick Bonino wins face-off versus Nick Spaling in Staline zone.
4:07 of 2nd period - Anton Lander is hit by David Desharnais and loses puck.
4:46 of 2nd period - Philip Larsen is hit by Cade Fairchild and loses puck.
4:57 of 2nd period - Benn Ferriero is hit by Philip Larsen and loses puck.
5:40 of 2nd period - Penalty to Dustin Kohn is over, Dustin Kohn is back on ice.
5:41 of 2nd period - Icing by Viktor Loov.
5:42 of 2nd period - Nick Spaling wins face-off versus Maxime Macenauer in Staline zone.
6:50 of 2nd period - Snap shot by Logan Shaw.
6:50 of 2nd period - Stopped by Allen York without a rebound.
6:51 of 2nd period - David Desharnais wins face-off versus Jonathan Tremblay in Staline zone.
6:56 of 2nd period - Matt Niskanen is hit by Philip Larsen and loses puck.
7:17 of 2nd period - Marek Zagrapan is hit by Benn Ferriero.
10:03 of 2nd period - Nick Bonino is hit by Tyler Pitlick and loses puck.
10:27 of 2nd period - Corey Trivino is hit by Nick Bonino and loses puck.
11:15 of 2nd period - Cade Fairchild is hit by Tyler Pitlick and loses puck.
11:28 of 2nd period - Lars Eller is hit by Sven Baertschi and loses puck.
11:43 of 2nd period - Slapshot by Dustin Kohn.
11:43 of 2nd period - Goal by Dustin Kohn - Staline : 4 - Mulligans : 1.
11:43 of 2nd period - Calvin Pickard enters game.
11:44 of 2nd period - Nick Bonino wins face-off versus Lars Eller in neutral zone.
12:00 of 2nd period - Snap shot by Jonathan Tremblay.
12:00 of 2nd period - Stopped by Allen York without a rebound.
12:01 of 2nd period - David Desharnais wins face-off versus Matt Beleskey in Staline zone.
12:10 of 2nd period - Snap shot by Dustin Kohn.
12:10 of 2nd period - Deflect By Benn Ferriero.
12:10 of 2nd period - Stopped by Calvin Pickard with a rebound.
12:26 of 2nd period - Eric Tangradi is hit by Stu Bickel and loses puck.
12:33 of 2nd period - Snap shot by Nick Spaling.
12:33 of 2nd period - Stopped by Calvin Pickard with a rebound.
12:35 of 2nd period - Wrist shot by Nick Spaling.
12:35 of 2nd period - Goal by Nick Spaling - Staline : 5 - Mulligans : 1.
12:36 of 2nd period - Nick Bonino wins face-off versus Lars Eller in neutral zone.
12:50 of 2nd period - Snap shot by Jordan Caron.
12:50 of 2nd period - Shot Blocked by Thomas Hickey.
12:52 of 2nd period - Snap shot by Jordan Caron.
12:52 of 2nd period - Stopped by Calvin Pickard with a rebound.
13:24 of 2nd period - Slapshot by Thomas Hickey.
13:24 of 2nd period - Stopped by Allen York without a rebound.
13:25 of 2nd period - Maxime Macenauer wins face-off versus Marek Zagrapan in Staline zone.
13:38 of 2nd period - Snap shot by Drayson Bowman.
13:38 of 2nd period - Shot Misses the Net.
13:40 of 2nd period - Slapshot by Maxime Macenauer.
13:40 of 2nd period - Shot Blocked by James Sheppard.
13:58 of 2nd period - Wrist shot by Nick Spaling.
13:58 of 2nd period - Shot Blocked by Darren Dietz.
14:06 of 2nd period - Minor Penalty to Jonathan Tremblay for Roughing.
14:07 of 2nd period - Lars Eller wins face-off versus Nick Bonino in Mulligans zone.
14:32 of 2nd period - Nick Bonino is hit by David Desharnais and loses puck.
16:06 of 2nd period - Penalty to Jonathan Tremblay is over, Jonathan Tremblay is back on ice.
16:19 of 2nd period - Wrist shot by Logan Shaw.
16:19 of 2nd period - Shot Misses the Net.
16:25 of 2nd period - Matt Beleskey is hit by James Sheppard and loses puck.
16:42 of 2nd period - Nikita Nesterov is hit by Maxime Macenauer and loses puck.
17:04 of 2nd period - Dustin Kohn is hit by Jonathan Tremblay and loses puck.
18:16 of 2nd period - Darren Dietz is hit by Dustin Kohn.
18:34 of 2nd period - Marek Zagrapan is hit by Benn Ferriero and loses puck.
18:49 of 2nd period - Slapshot by Cade Fairchild.
18:49 of 2nd period - Shot Misses the Net.
18:51 of 2nd period - Snap shot by Joonas Donskoi.
18:51 of 2nd period - Stopped by Allen York without a rebound.
18:52 of 2nd period - Lars Eller wins face-off versus Christoph Bertschy in Staline zone.
19:14 of 2nd period - Jonathan Tremblay is hit by Brock Nelson and loses puck.
19:33 of 2nd period - Snap shot by Corey Trivino.
19:33 of 2nd period - Deflect By Jordan Szwarz.
19:33 of 2nd period - Stopped by Calvin Pickard without a rebound.
19:34 of 2nd period - Corey Trivino wins face-off versus Anton Lander in Mulligans zone.
19:37 of 2nd period - Wrist shot by Bryan Bickell.
19:37 of 2nd period - Shot Blocked by Thomas Hickey.
19:39 of 2nd period - Slapshot by Corey Trivino.
19:39 of 2nd period - Deflect By Bryan Bickell.
19:39 of 2nd period - Goal by Bryan Bickell - Staline : 6 - Mulligans : 1.
19:40 of 2nd period - Nick Bonino wins face-off versus Lars Eller in neutral zone.
19:51 of 2nd period - Jonathan Tremblay is hit by Lars Eller and loses puck.
Goals for this period are 3 for Staline vs 0 for Mulligans.
Shots for this period are 11 for Staline vs 9 for Mulligans.
3rd period
0:01 of 3rd period - Lars Eller wins face-off versus Nick Bonino in neutral zone.
0:01 of 3rd period - Lars Eller is hit by Nick Bonino.
0:07 of 3rd period - Snap shot by Lars Eller.
0:07 of 3rd period - Stopped by Calvin Pickard without a rebound.
0:08 of 3rd period - Nick Bonino wins face-off versus Lars Eller in Mulligans zone.
0:08 of 3rd period - Nick Bonino is hit by Jordan Caron.
0:15 of 3rd period - Minor Penalty to Dustin Kohn for High sticking.
0:16 of 3rd period - Nick Bonino wins face-off versus Nick Spaling in Staline zone.
0:24 of 3rd period - Snap shot by Eric Tangradi.
0:24 of 3rd period - Deflect By Nick Spaling.
0:24 of 3rd period - Shot Misses the Net.
0:24 of 3rd period - Puck is out of play.
0:25 of 3rd period - Nick Bonino wins face-off versus Nick Spaling in Staline zone.
0:30 of 3rd period - Wrist shot by Eric Tangradi.
0:30 of 3rd period - Stopped by Allen York with a rebound.
1:01 of 3rd period - Wrist shot by Nick Bonino.
1:01 of 3rd period - Stopped by Allen York without a rebound.
1:02 of 3rd period - David Desharnais wins face-off versus Anton Lander in Staline zone.
1:11 of 3rd period - Slapshot by Ben Hutton.
1:11 of 3rd period - Deflect By Anton Lander.
1:11 of 3rd period - Shot Blocked by Philip Larsen.
1:11 of 3rd period - Puck is out of play.
1:12 of 3rd period - Nick Spaling wins face-off versus Anton Lander in Staline zone.
1:29 of 3rd period - Snap shot by Benn Ferriero.
1:29 of 3rd period - Stopped by Allen York with a rebound.
1:31 of 3rd period - Slapshot by Matt Beleskey.
1:31 of 3rd period - Shot Hit the Post.
2:15 of 3rd period - Penalty to Dustin Kohn is over, Dustin Kohn is back on ice.
2:45 of 3rd period - Wrist shot by Anton Lander.
2:45 of 3rd period - Shot Misses the Net.
2:47 of 3rd period - Slapshot by Ben Hutton.
2:47 of 3rd period - Deflect By Anton Lander.
2:47 of 3rd period - Stopped by Allen York without a rebound.
2:48 of 3rd period - Nick Bonino wins face-off versus David Desharnais in Staline zone.
2:57 of 3rd period - Snap shot by Nick Bonino.
2:57 of 3rd period - Deflect By Brock Nelson.
2:57 of 3rd period - Stopped by Allen York with a rebound.
3:03 of 3rd period - Thomas Hickey is hit by Tyler Pitlick.
3:36 of 3rd period - Jordan Szwarz is hit by Jonathan Tremblay.
3:56 of 3rd period - Snap shot by Brock Nelson.
3:56 of 3rd period - Shot Blocked by Dalton Thrower.
4:10 of 3rd period - Snap shot by Logan Shaw.
4:10 of 3rd period - Shot Misses the Net.
4:22 of 3rd period - Dalton Thrower is hit by Lars Eller and loses puck.
4:39 of 3rd period - Snap shot by Jordan Szwarz.
4:39 of 3rd period - Shot Misses the Net.
4:41 of 3rd period - Wrist shot by Jordan Szwarz.
4:41 of 3rd period - Stopped by Calvin Pickard with a rebound.
5:46 of 3rd period - Lars Eller is hit by Thomas Hickey.
7:08 of 3rd period - Nick Spaling is hit by Sven Baertschi.
7:40 of 3rd period - Slapshot by Maxime Macenauer.
7:40 of 3rd period - Shot Misses the Net.
8:01 of 3rd period - Slapshot by Christoph Bertschy.
8:01 of 3rd period - Stopped by Allen York with a rebound.
8:03 of 3rd period - Snap shot by Darren Dietz.
8:03 of 3rd period - Stopped by Allen York without a rebound.
8:04 of 3rd period - David Desharnais wins face-off versus Christoph Bertschy in Staline zone.
8:04 of 3rd period - David Desharnais is hit by Christoph Bertschy.
8:14 of 3rd period - Backhand shot by Matt Niskanen.
8:14 of 3rd period - Stopped by Allen York with a rebound.
8:30 of 3rd period - Sven Baertschi is hit by Marek Zagrapan.
8:39 of 3rd period - Icing by Philip Larsen.
8:40 of 3rd period - James Sheppard wins face-off versus Nick Bonino in Staline zone.
8:47 of 3rd period - Jonathan Tremblay is hit by James Sheppard and loses puck.
8:54 of 3rd period - Wrist shot by Danny Kristo.
8:54 of 3rd period - Shot Misses the Net.
8:56 of 3rd period - Wrist shot by Marek Zagrapan.
8:56 of 3rd period - Stopped by Calvin Pickard with a rebound.
8:58 of 3rd period - Wrist shot by Marek Zagrapan.
8:58 of 3rd period - Shot Misses the Net.
9:00 of 3rd period - Wrist shot by Marek Zagrapan.
9:00 of 3rd period - Shot Hit the Post.
9:02 of 3rd period - Snap shot by James Sheppard.
9:02 of 3rd period - Deflect By Ben Hutton.
9:02 of 3rd period - Stopped by Calvin Pickard with a rebound.
9:04 of 3rd period - Snap shot by Marek Zagrapan.
9:04 of 3rd period - Shot Misses the Net.
9:16 of 3rd period - Snap shot by Danny Kristo.
9:16 of 3rd period - Stopped by Calvin Pickard without a rebound.
9:17 of 3rd period - Anton Lander wins face-off versus Lars Eller in Mulligans zone.
9:34 of 3rd period - Benn Ferriero is hit by Jordan Caron and loses puck.
11:33 of 3rd period - Snap shot by Marek Zagrapan.
11:33 of 3rd period - Shot Misses the Net.
11:35 of 3rd period - Wrist shot by Viktor Loov.
11:35 of 3rd period - Stopped by Calvin Pickard with a rebound.
11:37 of 3rd period - Snap shot by Danny Kristo.
11:37 of 3rd period - Shot Misses the Net.
11:39 of 3rd period - Snap shot by James Sheppard.
11:39 of 3rd period - Stopped by Calvin Pickard with a rebound.
12:29 of 3rd period - Wrist shot by James Sheppard.
12:29 of 3rd period - Stopped by Calvin Pickard with a rebound.
12:31 of 3rd period - Slapshot by Viktor Loov.
12:31 of 3rd period - Stopped by Calvin Pickard with a rebound.
12:33 of 3rd period - Wrist shot by Marek Zagrapan.
12:33 of 3rd period - Stopped by Calvin Pickard without a rebound.
12:34 of 3rd period - Lars Eller wins face-off versus Nick Bonino in Mulligans zone.
13:31 of 3rd period - Snap shot by Jordan Szwarz.
13:31 of 3rd period - Goal by Jordan Szwarz - Staline : 7 - Mulligans : 1.
13:32 of 3rd period - Nick Bonino wins face-off versus Lars Eller in neutral zone.
14:05 of 3rd period - Slapshot by Mike Reilly.
14:05 of 3rd period - Shot Misses the Net.
14:22 of 3rd period - Minor Penalty to Sven Baertschi for Interference.
14:23 of 3rd period - Lars Eller wins face-off versus Nick Bonino in Mulligans zone.
14:30 of 3rd period - Icing by Nick Spaling.
14:31 of 3rd period - Lars Eller wins face-off versus Nick Bonino in Staline zone.
14:46 of 3rd period - Off-side.
14:47 of 3rd period - Nick Bonino wins face-off versus Lars Eller in neutral zone.
15:53 of 3rd period - Slapshot by Jordan Caron.
15:53 of 3rd period - Goal by Jordan Caron - Staline : 8 - Mulligans : 1.
15:54 of 3rd period - David Desharnais wins face-off versus Anton Lander in neutral zone.
15:59 of 3rd period - David Desharnais is hit by Anton Lander and loses puck.
16:04 of 3rd period - Snap shot by Benn Ferriero.
16:04 of 3rd period - Stopped by Allen York with a rebound.
16:39 of 3rd period - Slapshot by Joonas Donskoi.
16:39 of 3rd period - Shot Misses the Net.
16:41 of 3rd period - Slapshot by Ben Hutton.
16:41 of 3rd period - Stopped by Allen York without a rebound.
16:42 of 3rd period - Corey Trivino wins face-off versus Anton Lander in Staline zone.
16:49 of 3rd period - Wrist shot by Jordan Szwarz.
16:49 of 3rd period - Shot Misses the Net.
16:51 of 3rd period - Wrist shot by Bryan Bickell.
16:51 of 3rd period - Stopped by Calvin Pickard without a rebound.
16:52 of 3rd period - Lars Eller wins face-off versus Anton Lander in Mulligans zone.
16:53 of 3rd period - Wrist shot by Nick Spaling.
16:53 of 3rd period - Shot Misses the Net.
17:03 of 3rd period - Dustin Kohn is hit by Matt Beleskey and loses puck.
17:23 of 3rd period - Icing by Nick Bonino.
17:24 of 3rd period - Nick Bonino wins face-off versus David Desharnais in Mulligans zone.
17:24 of 3rd period - Nick Bonino is hit by Brock Nelson.
17:56 of 3rd period - Wrist shot by Drayson Bowman.
17:56 of 3rd period - Shot Misses the Net.
17:58 of 3rd period - Snap shot by Thomas Hickey.
17:58 of 3rd period - Shot Misses the Net.
18:00 of 3rd period - Slapshot by Logan Shaw.
18:00 of 3rd period - Shot Misses the Net.
18:35 of 3rd period - Snap shot by Jonathan Tremblay.
18:35 of 3rd period - Stopped by Allen York without a rebound.
18:36 of 3rd period - Nick Bonino wins face-off versus Lars Eller in Staline zone.
18:39 of 3rd period - Snap shot by Eric Tangradi.
18:39 of 3rd period - Stopped by Allen York without a rebound.
18:40 of 3rd period - Nick Bonino wins face-off versus Lars Eller in Staline zone.
18:49 of 3rd period - Snap shot by Dustin Kohn.
18:49 of 3rd period - Stopped by Calvin Pickard with a rebound.
19:30 of 3rd period - Slapshot by Matt Niskanen.
19:30 of 3rd period - Shot Misses the Net.
19:48 of 3rd period - Matt Niskanen is hit by Corey Trivino and loses puck.
Goals for this period are 2 for Staline vs 0 for Mulligans.
Shots for this period are 14 for Staline vs 12 for Mulligans.
Back to the Top